 Dungeon Crawl Stone Soup version 0.21.1-1-g345015f (webtiles) character file.

76499 Lilu the Devastator (level 15, -7/92 HPs)
             Began as a Deep Elf Conjurer on July 30, 2018.
             Was an Elder of Vehumet.
             Killed from afar by an orc sorcerer (27 damage)
             ... with a bolt of fire
             ... led by an orc high priest
             ... on level 1 of the Orcish Mines.
             The game lasted 02:42:52 (27867 turns).

Lilu the Devastator (Deep Elf Conjurer)            Turns: 27867, Time: 02:42:53

Health: -7/92      AC: 11    Str:  8    XL:     15   Next: 12%
Magic:  27/37      EV: 16    Int: 24    God:    Vehumet [****..]
Gold:   2218       SH:  0    Dex: 15    Spells: 16/46 levels left

rFire    . . .     SeeInvis .   F - staff of energy
rCold    + . .     Gourm    .   (no shield)
rNeg     . . .     Faith    .   S - +0 troll leather armour
rPois    .         Spirit   .   o - +1 hat
rElec    .         Reflect  .   D - +0 cloak
rCorr    .         Harm     .   j - +2 pair of gloves
MR       ++...                  V - +0 pair of boots
Stlth    ++........             P - amulet of magic regeneration
HPRegen  0.65/turn              L - ring of protection from magic
MPRegen  0.50/turn              q - ring of protection from cold

@: drained
A: no striking features
a: Renounce Religion


You were on level 1 of the Orcish Mines.
You worshipped Vehumet.
Vehumet was greatly pleased with you.
You were not hungry.

You visited 3 branches of the dungeon, and saw 21 of its levels.
You also visited: Sewer and Ossuary.

You collected 2218 gold pieces.

Inventory:

Hand Weapons
 m - the +4 rapier of Sequestration {flame, rN+}
   (You found it on level 9 of the Dungeon)

   It has been specially enchanted to burn those struck by it, causing extra
   injury to most foes and up to half again as much damage against particularly
   susceptible opponents.
   It protects you from negative energy.
Armour
 j - a +2 pair of gloves (worn)
 o - a +1 hat (worn)
 D - a +0 cloak (worn)
 S - a +0 troll leather armour (worn)
 V - a +0 pair of boots (worn)
 X - a +2 robe of magic resistance
Magical Staves
 F - an uncursed staff of energy (weapon)
 I - an uncursed staff of summoning
 Y - an uncursed staff of wizardry
Jewellery
 q - a ring of protection from cold (right hand)
 L - a ring of protection from magic (left hand)
 P - an amulet of magic regeneration (around neck)
 Z - the amulet "Sesch" {Faith Dex+3 SInv}
   (You found it on level 6 of the Lair of Beasts)

   [amulet of faith]

   It allows you to gain divine favour quickly.
   It affects your dexterity (+3).
   It lets you see invisible.
Wands
 l - a wand of flame (33)
 A - a wand of iceblast (18)
 N - a wand of acid (7)
 R - a wand of enslavement (13)
 W - a wand of disintegration (13)
Scrolls
 d - 10 scrolls of remove curse
 e - 12 scrolls of teleportation
 i - a scroll of acquirement {unknown}
 k - 3 scrolls of immolation
 n - 7 scrolls of amnesia
 s - 4 scrolls of fog
 y - a scroll of holy word {unknown}
 B - 4 scrolls of fear
 E - a scroll of vulnerability {unknown}
 G - 2 scrolls of magic mapping
 H - 5 scrolls of enchant weapon
 K - 4 scrolls of enchant armour
 Q - a scroll of brand weapon {unknown}
Potions
 h - 4 potions of brilliance
 p - 5 potions of lignification
 r - 18 potions of curing
 t - 3 potions of flight
 u - 7 potions of heal wounds
 v - 3 potions of might
 w - 3 potions of ambrosia
 x - 3 potions of mutation
 z - 5 potions of haste
 C - a potion of degeneration {unknown}
 J - 2 potions of agility
 M - 2 potions of invisibility {unknown}
 T - a potion of magic {unknown}
Books
 a - a book of Unlife

   Spells                             Type                      Level
   a - Recall                         Summoning/Translocation      3
   b - Animate Dead                   Necromancy                   4
   c - Borgnjor's Vile Clutch         Necromancy/Earth             5
   d - Death Channel                  Necromancy                   6
   e - Simulacrum                     Ice/Necromancy               6
 b - a book of Conjurations

   Spells                             Type                      Level
   a - Magic Dart                     Conjuration                  1
   b - Searing Ray                    Conjuration                  2
   c - Dazzling Spray                 Conjuration/Hexes            3
   d - Fulminant Prism                Conjuration/Hexes            4
   e - Force Lance                    Conjuration/Translocation    4
   f - Iskenderun's Mystic Blast      Conjuration                  4
 g - a book of Callings

   Spells                             Type                      Level
   a - Summon Small Mammal            Summoning                    1
   b - Call Imp                       Summoning                    2
   c - Call Canine Familiar           Summoning                    3
   d - Summon Guardian Golem          Hexes/Summoning              3
   e - Summon Lightning Spire         Summoning/Air                4
   f - Summon Ice Beast               Ice/Summoning                4
 O - Situqebb's Tome of Dusty Venom
   (You found it on level 9 of the Dungeon)

   Spells                             Type                      Level
   a - Ignite Poison                  Fire/Transmutation/Poison    3
   b - Spider Form                    Transmutation/Poison         3
   c - Lee's Rapid Deconstruction     Earth                        5
   d - Borgnjor's Vile Clutch         Necromancy/Earth             5
 U - a book of Beasts

   Spells                             Type                      Level
   a - Summon Butterflies             Summoning                    1
   b - Call Canine Familiar           Summoning                    3
   c - Summon Ice Beast               Ice/Summoning                4
   d - Summon Mana Viper              Hexes/Summoning              5
   e - Summon Hydra                   Summoning                    7
Comestibles
 c - 27 rations


   Skills:
 - Level 10.0(9.2) Fighting
 - Level 4.0(3.3) Armour
 + Level 8.2(7.4) Dodging
 - Level 2.4(1.7) Stealth
 - Level 16.0(15.1) Spellcasting
 - Level 16.0(15.1) Conjurations
 + Level 11.1(10.2) Summonings
 * Level 6.1(5.4) Necromancy
 - Level 4.3(3.6) Translocations
 - Level 4.1(3.4) Air Magic


You had 16 spell levels left.
You knew the following spells:

 Your Spells              Type           Power        Failure   Level  Hunger
a - Magic Dart            Conj           ####         0%          1    None
b - Searing Ray           Conj           ######       0%          2    None
c - Iskenderun's Mystic   Conj           ######..     1%          4    None
d - Static Discharge      Conj/Air       ######..     1%          3    None
e - Force Lance           Conj/Tloc      ######..     1%          4    None
f - Airstrike             Air            ####......   3%          4    None
g - Spellforged Servitor  Conj/Summ      ######....   5%          7    None
h - Bolt of Draining      Conj/Necr      ######....   1%          5    None


Dungeon Overview and Level Annotations

Branches:
Dungeon (13/15)            Temple (0/1) D:5            Lair (6/6) D:10
 Shoals (0/4) Lair:3       Spider (0/4) Lair:3        Slime (0/5) Lair:5
    Orc (2/2) D:11         Vaults (0/5) D:13
    Elf: Orc:2

Altars:
Ashenzari
Cheibriados
Elyvilon
Fedhas
Gozag
Makhleb
Qazlal
Ru
Vehumet
Wu Jian
Xom
Zin
The Shining One
Jiyva

Shops:
D:5 (   Orc:2 (


Message History

The orc warrior is severely wounded.
The bolt of negative energy misses the orc. x2
The orc warrior hits you but does no damage.
Casting: Bolt of Draining
Confirm with . or Enter, or press ? or * to list all spells.
You summon a servant imbued with your destructive magic!
The orc warrior hits you with a scimitar!
The orc completely misses you.
A troll comes into view.
The orc sorcerer casts a spell at you. The bolt of negative energy hits you!
You feel drained.
* * * LOW HITPOINT WARNING * * *
The orc warrior hits you with a scimitar.
* * * LOW HITPOINT WARNING * * *
The orc barely misses you. The orc misses you.
You climb upwards.
There is a stone staircase leading down here.
The orc sorcerer points at you and mumbles some strange words.
The bolt of fire hits you!
You die...

#### ### ### ## ###### ##..##
####.###.##.###.#.## #....#
##.#..........#...... ##..##
##..........#.###.)... ####....#
#...o@.......###..[...
##.#....####...>.........###..[.[
#........##...ooo........##..<>[.
##.......##.................))[.#
..)...#...#...................[..
.....)..................#........
....#.##.........................
.....###.......................[#
##....###.......)......#.##......


You could see an orc sorcerer, an orc warrior and 2 orcs.

Vanquished Creatures
  A dire elephant (Lair:6)
  The ghost of shugdite the Carver, a journeyman MiFi of Okawaru (D:11)
  Fannar (D:12)
  7 hydras
  A centaur warrior (D:13)
  The ghost of fly the Archer, a journeyman CeHu of Okawaru (D:10)
  3 catoblepae
  5 two-headed ogres
  Urug (D:12)
  8 death yaks
  The ghost of dvd the Martial Artist, a novice OpTm of Cheibriados (D:9)
  A lindwurm (Lair:6)
  An oklob plant (Lair:2)
  An orc knight (Orc:2)
  2 deep elf magi (D:13)
  An ugly thing (D:9)
  An orc sorcerer (Orc:1)
  2 cyclopes
  3 manticores
  An elephant (Lair:5)
  9 black mambas
  16 spiny frogs
  Psyche (D:8)
  A gargoyle (D:10)
  3 rime drakes
  8 komodo dragons
  An efreet (D:13)
  5 trolls
  3 polar bears
  28 blink frogs
  8 hippogriffs
  2 raiju (Lair:6)
  22 dream sheep
  A redback (Lair:3)
  6 basilisks
  3 wyverns
  42 yaks
  A human (D:8)
  3 hungry ghosts
  3 wargs
  Menkaure (D:4)
  Duvessa (D:4)
  18 water moccasins
  6 hell hounds (Lair:6)
  11 porcupines
  2 sky beasts
  9 black bears
  2 phantoms
  14 orc warriors
  5 ice beasts
  4 ogres
  19 wolves
  An eye of draining (D:13)
  12 centaurs
  10 crocodiles
  3 big kobolds (Sewer)
  The ghost of zapotec the Sneak, an amateur SpGl (D:3)
  13 bullfrogs
  A gnoll sergeant (D:10)
  Dowan (D:4)
  A wyvern skeleton (D:10)
  A hornet simulacrum (D:9)
  3 scorpions
  5 killer bees (D:10)
  20 wights
  2 jellies
  A howler monkey (D:4)
  3 electric eels (D:10)
  6 crimson imps
  3 bullfrog zombies
  A centaur zombie (Ossuary)
  4 bullfrog skeletons
  2 hounds
  16 orc wizards
  A quasit (D:9)
  13 orc priests
  4 iguanas
  2 centaur skeletons
  7 hell rats (Lair:1)
  14 worker ants
  6 big kobold zombies (Ossuary)
  7 mummies
  3 hound skeletons
  2 worker ant zombies
  A howler monkey zombie (D:7)
  12 adders
  3 gnolls (D:10)
  A howler monkey skeleton (D:7)
  12 river rats (Lair:1)
  A shadow imp (D:10)
  2 oozes
  An adder skeleton (D:8)
  6 worms
  6 dart slugs
  9 leopard geckos
  63 orcs
  7 giant cockroaches
  6 hobgoblins
  9 jackals
  9 quokkas
  3 ball pythons
  A ball python zombie (D:5)
  6 bats
  6 frilled lizards
  10 goblins
  A goblin zombie (D:4)
  2 hobgoblin zombies (Ossuary)
  19 kobolds
  An orc zombie (D:4)
  A quokka zombie (D:7)
  24 rats
  A fungus (Lair:1)
  2 plants
695 creatures vanquished.

Vanquished Creatures (collateral kills)
  3 orc knights (Orc:2)
  A manticore (Lair:6)
  A torpor snail (Lair:6)
  A spiny frog (Lair:6)
  A rime drake (Lair:6)
  A raiju (Lair:6)
  7 polar bears (Lair:6)
  2 wargs (Lair:6)
  8 hell hounds (Lair:6)
  7 orc warriors
  3 black bears (Lair:6)
  3 ogres (Orc:1)
  4 wolves (Lair:6)
  An orc priest (Orc:1)
  4 orcs
  A plant (Lair:6)
48 creatures vanquished.

Vanquished Creatures (others)
  A centaur skeleton (D:13)
  An orc (Orc:1)
  8 fungi
  13 plants
23 creatures vanquished.

Grand Total: 766 creatures vanquished

Notes
Turn   | Place    | Note
-------+----------+-------------------------------------------
     0 | D:1      | Lilu the Deep Elf Conjurer began the quest for the Orb.
     0 | D:1      | Reached XP level 1. HP: 10/10 MP: 6/6
   249 | D:1      | Reached XP level 2. HP: 12/15 MP: 2/8
   362 | D:1      | You fall through a shaft!
   363 | D:2      | Reached skill level 5 in Conjurations
   497 | D:1      | Learned a level 2 spell: Searing Ray
   697 | D:1      | Reached XP level 3. HP: 19/19 MP: 6/9
  1394 | D:2      | Reached XP level 4. HP: 24/24 MP: 2/10
  1605 | D:2      | Found a radiant altar of Vehumet.
  1606 | D:2      | Found a burning altar of Makhleb.
  1610 | D:2      | Became a worshipper of Vehumet
  1910 | D:3      | Learned a level 4 spell: Iskenderun's Mystic Blast
  1940 | D:3      | Found a snail-covered altar of Cheibriados.
  2144 | D:3      | Noticed zapotec's ghost (amateur SpGl)
  2150 | D:3      | Killed zapotec's ghost
  2150 | D:3      | Reached XP level 5. HP: 28/28 MP: 6/11
  2322 | D:3      | Reached * piety under Vehumet
  2322 | D:3      | Offered knowledge of Sting by Vehumet.
  2326 | D:3      | Found a glowing drain.
  2332 | Sewer    | Entered a sewer
  2856 | Sewer    | Reached XP level 6. HP: 31/32 MP: 4/12
  3498 | D:4      | Reached XP level 7. HP: 34/36 MP: 13/13
  3522 | D:4      | Reached ** piety under Vehumet
  3545 | D:4      | Offered knowledge of Shock by Vehumet.
  3551 | D:4      | Found a sand-covered staircase.
  3623 | Ossuary  | Entered an ossuary
  4192 | Ossuary  | Reached skill level 1 in Fighting
  4578 | D:4      | Noticed Menkaure
  4589 | D:4      | Killed Menkaure
  4589 | D:4      | Reached skill level 10 in Conjurations
  4715 | D:4      | Reached XP level 8. HP: 29/45 MP: 7/14
  4974 | D:4      | Noticed Duvessa
  5009 | D:4      | Killed Duvessa
  5029 | D:4      | Noticed Dowan
  5037 | D:4      | Killed Dowan
  5037 | D:4      | Offered knowledge of Static Discharge by Vehumet.
  5445 | D:4      | Found a glowing silver altar of Zin.
  5445 | D:4      | Found a glowing golden altar of the Shining One.
  5448 | D:4      | Found a white marble altar of Elyvilon.
  5655 | D:5      | Entered Level 5 of the Dungeon
  5655 | D:5      | Found Amin's Antique Weapon Shoppe.
  5765 | D:5      | Found a staircase to the Ecumenical Temple.
  5833 | D:5      | Found a shattered altar of Ashenzari.
  5833 | D:5      | Found an ornate altar of the Wu Jian Council.
  5834 | D:5      | Found a shimmering altar of Xom.
  5835 | D:5      | Found a stormy altar of Qazlal.
  5835 | D:5      | Found an opulent altar of Gozag.
  5854 | D:5      | Reached *** piety under Vehumet
  5885 | D:5      | Reached skill level 5 in Fighting
  6513 | D:5      | Learned a level 3 spell: Static Discharge
  7066 | D:6      | Offered knowledge of Ignite Poison by Vehumet.
  7745 | D:6      | Reached XP level 9. HP: 56/56 MP: 11/15
  8137 | D:7      | Got a bloodstained chain mail
  8153 | D:7      | Identified the cursed +1 chain mail "Qosoraud" {rElec Dex+3} (You found it on level 7 of the Dungeon)
  8467 | D:7      | Reached **** piety under Vehumet
  9079 | D:8      | Offered knowledge of Lee's Rapid Deconstruction by Vehumet.
  9214 | D:8      | Learned a level 4 spell: Force Lance
  9223 | D:8      | Noticed Psyche
  9226 | D:8      | Killed Psyche
  9226 | D:8      | Reached skill level 5 in Spellcasting
  9585 | D:8      | Found a sacrificial altar of Ru.
 10008 | D:8      | Reached XP level 10. HP: 44/64 MP: 17/25
 10365 | D:9      | Got an ichor-stained rapier
 10366 | D:9      | Identified the +4 rapier of Sequestration {flame, rN+} (You found it on level 9 of the Dungeon)
 10562 | D:9      | Identified Situqebb's Tome of Dusty Venom
 10878 | D:9      | Reached skill level 10 in Spellcasting
 11014 | D:9      | Noticed dvd's ghost (novice OpTm)
 11040 | D:9      | Killed dvd's ghost
 11040 | D:9      | Reached skill level 5 in Dodging
 11205 | D:9      | Noticed a brown ugly thing
 11219 | D:9      | Killed a brown ugly thing
 11541 | D:10     | Entered Level 10 of the Dungeon
 11575 | D:9      | Reached ***** piety under Vehumet
 11664 | D:10     | Offered knowledge of Airstrike by Vehumet.
 11785 | D:10     | Noticed a gargoyle
 11808 | D:10     | Killed a gargoyle
 11808 | D:10     | Reached skill level 1 in Armour
 12368 | D:10     | Noticed fly's ghost (journeyman CeHu)
 12426 | D:10     | Reached skill level 1 in Air Magic
 12426 | D:10     | Reached XP level 11. HP: 56/68 MP: 21/27
 12562 | D:10     | Found a staircase to the Lair.
 12587 | D:10     | Noticed a two-headed ogre
 12594 | D:10     | Killed a two-headed ogre
 12594 | D:10     | Reached skill level 1 in Translocations
 13195 | D:10     | Killed fly's ghost
 13343 | D:11     | Noticed shugdite's ghost (journeyman MiFi)
 13519 | D:11     | Noticed a two-headed ogre
 13535 | D:11     | Killed a two-headed ogre
 14464 | D:10     | Learned a level 4 spell: Airstrike
 14727 | D:11     | Killed shugdite's ghost
 14968 | D:11     | Found a staircase to the Orcish Mines.
 15395 | D:12     | Reached skill level 10 in Fighting
 15427 | D:12     | Found a blossoming altar of Fedhas.
 15590 | D:12     | Noticed Urug
 15693 | D:12     | Killed Urug
 15827 | D:12     | Noticed Fannar
 15879 | D:12     | Reached XP level 12. HP: 51/77 MP: 22/29
 15943 | D:12     | Killed Fannar
 16563 | D:13     | Noticed a centaur warrior
 16575 | D:13     | Killed a centaur warrior
 16632 | D:13     | Noticed a two-headed ogre
 16638 | D:13     | Killed a two-headed ogre
 16981 | D:13     | Noticed a two-headed ogre
 17003 | D:13     | Killed a two-headed ogre
 17022 | D:13     | Noticed a two-headed ogre
 17026 | D:13     | Killed a two-headed ogre
 17219 | D:13     | Found a gate to the Vaults.
 17219 | D:13     | Noticed a vault guard
 17219 | D:13     | Noticed a vault guard
 17219 | D:13     | Noticed a vault guard
 17456 | Lair:1   | Entered Level 1 of the Lair of Beasts
 17614 | Lair:1   | Offered knowledge of Spellforged Servitor by Vehumet.
 17625 | Lair:1   | Learned a level 7 spell: Spellforged Servitor
 18282 | Lair:1   | Got a translucent ring mail
 18293 | Lair:1   | Identified the +2 ring mail of Plog {*Slow Str+8 SInv} (You found it on level 1 of the Lair of Beasts)
 18510 | Lair:1   | Reached XP level 13. HP: 60/82 MP: 13/31
 19166 | Lair:2   | Reached skill level 15 in Conjurations
 19866 | Lair:2   | Offered knowledge of Bolt of Draining by Vehumet.
 19882 | Lair:2   | Reached skill level 1 in Summonings
 20058 | Lair:2   | Found a white marble altar of Elyvilon.
 20343 | Lair:2   | Learned a level 5 spell: Bolt of Draining
 20744 | Lair:3   | Reached skill level 5 in Summonings
 21096 | Lair:3   | Found a hole to the Spider Nest.
 21399 | Lair:3   | Found a staircase to the Shoals.
 22114 | Lair:4   | Reached XP level 14. HP: 88/88 MP: 25/32
 23516 | Lair:5   | Got a bronze chain mail
 23527 | Lair:5   | Identified the cursed +0 chain mail of the Volcano {Int+6} (You found it on level 5 of the Lair of Beasts)
 23821 | Lair:5   | Offered knowledge of Yara's Violent Unravelling by Vehumet.
 24208 | Lair:5   | Reached skill level 15 in Spellcasting
 24236 | Lair:5   | Found a viscous altar of Jiyva.
 24236 | Lair:5   | Found a staircase to the Slime Pits.
 24434 | Lair:6   | Entered Level 6 of the Lair of Beasts
 25237 | Lair:6   | Reached skill level 1 in Necromancy
 25390 | Lair:6   | Got a pitted flail
 25391 | Lair:6   | Identified the +6 flail of Kindness {drain, Fragile +Blink Str+4 Stlth+} (You found it on level 6 of the Lair of Beasts)
 25556 | Lair:6   | Reached skill level 10 in Summonings
 26180 | Lair:6   | Offered knowledge of Ozocubu's Refrigeration by Vehumet.
 26183 | Lair:6   | Reached ****** piety under Vehumet
 26751 | Lair:6   | Reached skill level 5 in Necromancy
 26751 | Lair:6   | Reached XP level 15. HP: 88/92 MP: 24/37
 26822 | Lair:6   | Got a scintillating crystal amulet
 26824 | Lair:6   | Identified the amulet "Sesch" {Faith Dex+3 SInv} (You found it on level 6 of the Lair of Beasts)
 27201 | Orc:1    | Entered Level 1 of the Orcish Mines
 27517 | Orc:2    | Entered Level 2 of the Orcish Mines
 27862 | Orc:2    | Found Nouchoem's Weapon Shoppe.
 27867 | Orc:1    | Killed from afar by an orc sorcerer

Skill      XL: |  1  2  3  4  5  6  7  8  9 10 11 12 13 14 15 |
---------------+----------------------------------------------+-----
Conjurations   | 5 6 7 8 9 10 14 16 | 16.0
Fighting       | 2 6 8 10 | 10.0
Spellcasting   | 9 10 11 12 16 | 16.0
Dodging        | 8 |  8.2
Armour         | 4 |  4.0
Air Magic      | 1 4 |  4.1
Translocations | 4 |  4.3
Summonings     | 8 10 11 | 11.1
Necromancy     | 5 6 |  6.1
Stealth        | |  2.4

Action                   |  1- 3 |  4- 6 |  7- 9 | 10-12 | 13-15 || total
-------------------------+-------+-------+-------+-------+-------++-------
Melee: Club              |     8 |       |       |       |       ||     8
       Short sword       |    10 |   111 |   161 |       |       ||   282
       Staff             |       |       |   139 |       |    62 ||   201
       Rapier            |       |       |       |   165 |    50 ||   215
       Flail             |       |       |       |       |     3 ||     3
 Cast: Magic Dart        |    71 |    13 |    75 |    50 |    30 ||   239
       Searing Ray       |     3 |     8 |    56 |    68 |    14 ||   149
       Iskenderun's Myst |       |     1 |    38 |   268 |   258 ||   565
       Force Lance       |       |       |       |    16 |     3 ||    19
       Airstrike         |       |       |       |    16 |       ||    16
       Static Discharge  |       |       |       |    10 |       ||    10
       Bolt of Draining  |       |       |       |       |   215 ||   215
       Spellforged Servi |       |       |       |       |    21 ||    21
  Use: Scroll            |       |       |    10 |     7 |     8 ||    25
       Potion            |       |       |       |       |     1 ||     1
 Stab: Sleeping          |     1 |     3 |     6 |     4 |       ||    14
       Distracted        |       |       |       |     1 |       ||     1
  Eat: Chunk             |     1 |     8 |    20 |    19 |    10 ||    58
       Ration            |       |       |     1 |     4 |     7 ||    12
Armor: Robe              |     9 |    50 |   108 |    21 |       ||   188
       Troll leather arm |       |       |       |    76 |    85 ||   161
Dodge: Dodged            |    18 |   112 |   257 |   286 |   254 ||   927
